 Dungeon Crawl Stone Soup version 0.31-a0-750-gfe7b580527 (webtiles) character file.

Game seed: 13920880744976557043

11916360 riellis1 the Conqueror (level 27, 273/273 HPs)
             Began as a Minotaur Fighter on Sept 13, 2023.
             Was an Initiate of Gozag.
             Escaped with the Orb
             ... and 15 runes on Sept 14, 2023!
             The game lasted 07:34:59 (136854 turns).

riellis1 the Conqueror (Minotaur Fighter)         Turns: 136854, Time: 07:35:00

Health: 273/273    AC: 46    Str: 39    XL:     27
Magic:  31/37      EV: 21    Int: 12    God:    Gozag
Gold:   955        SH:  0    Dex: 12    Spells: 27/42 levels left

rFire   + + .        a - +8 frozen axe "Frostbite" {freeze, freezing cloud, *Noise Fly rC+}
rCold   + + +        (shield currently unavailable)
rNeg    + + +        O - +10 pearl dragon scales
rPois   ∞            H - +3 crown of Dyrovepreva {rElec Int+2 SInv}
rElec   +            k - +1 cloak of Beogh's Benevolence {+Inv rElec}
rCorr   +            G - +2 pair of gloves {infuse}
SInv    +            l - +2 pair of boots {rampage}
Will    +++++        g - amulet of Spring {rF+ Regen+ Str+6}
Stlth   ++           C - ring "Jimui" {rF+ Will+}
HPRegen 1.45/turn    M - ring of Sagiwnuq {rC+ Will+ rCorr Str+3 SInv}
MPRegen 0.25/turn

%: rampage, infuse magic (1 MP)
@: death-form, flying, studying 2 skills, bribing [the Dungeon, the Tomb of the
Ancients, the Vestibule of Hell, the Iron City of Dis, Gehenna, Cocytus,
Tartarus, the Depths]
A: vile attack, torment immunity, no potions, horns 2, retaliatory headbutt,
high MP 1, strong-willed 1, strong 1
0: Orb of Zot
}: 15/15 runes: serpentine, barnacled, slimy, silver, golden, iron, obsidian,
icy, bone, abyssal, demonic, glowing, magical, fiery, dark
a: Siphon Essence, Begin Untransformation, Renounce Religion, Evoke
Invisibility, Potion Petition, Call Merchant, Bribe Branch


You escaped.
You worshipped Gozag.
Gozag was pleased with you.
You were an undying horror.
You visited 18 branches of the dungeon, and saw 88 of its levels.
You visited Pandemonium 5 times, and saw 16 of its levels.
You visited the Abyss 2 times.
You also visited: Sewer, Gauntlet and Wizlab.

You collected 63318 gold pieces.
You spent 13893 gold pieces at shops.
You paid 48470 gold pieces to Gozag.

Inventory:

Hand Weapons
 a - the +8 frozen axe "Frostbite" (weapon) {freeze, freezing cloud, *Noise Fly rC+}
   (You found it on level 2 of the Snake Pit)

   rC+:       It protects you from cold.
   Fly:       It grants you flight.
   *Noise:    It may make a loud noise when swung.
 u - a +9 heavy executioner's axe
 v - the +5 demon whip "Spellbinder" {antimagic, disrupt, Will+}
   (You bought it in a shop on level 3 of the Lair of Beasts)

   Will+:     It increases your willpower.
 D - a +5 heavy broad axe
Missiles
 n - 4 throwing nets
 N - 11 silver javelins
Armour
 k - the +1 cloak of Beogh's Benevolence (worn) {+Inv rElec}
   (You found it on level 1 of the Vaults)

   rElec:     It insulates you from electricity.
   +Inv:      It lets you turn invisible.
 l - a +2 pair of boots of rampaging (worn)
 A - a +2 tower shield of cold resistance
 G - a +2 pair of gloves of infusion (worn)
 H - the +3 crown of Dyrovepreva (worn) {rElec Int+2 SInv}
   (You found it in a Gauntlet)

   Int+2:     It affects your intelligence (+2).
   rElec:     It insulates you from electricity.
   SInv:      It lets you see invisible.
 O - +10 pearl dragon scales (worn)
Jewellery
 g - the amulet of Spring (around neck) {rF+ Regen+ Str+6}
   (You bought it in a shop on level 2 of the Depths)

   [amulet of regeneration]

   Str+6:     It affects your strength (+6).
   rF+:       It protects you from fire.
   Regen+:    It increases your rate of health regeneration.
 h - the ring of the Firefly {rN++ rCorr Int-4}
   (You found it in Pandemonium)

   [ring of resist corrosion]

   Int-4:     It affects your intelligence (-4).
   rN++:      It greatly protects you from negative energy.
   rCorr:     It protects you from acid and corrosion.
 m - the ring "Viluodwa" {+Blink rPois rN+}
   (You found it in a Gauntlet)

   [ring of poison resistance]

   rPois:     It protects you from poison rN+: It protects you from negative
   energy.
   +Blink:    It lets you blink.
 x - the ring "Buleq" {Fly rPois Will- rCorr Slay+5}
   (You found it in a Gauntlet)

   [ring of flight]

   Slay+5:    It affects your accuracy & damage with ranged weapons and melee
   (+5).
   rPois:     It protects you from poison Will-: It decreases your willpower.
   Fly:       It grants you flight.
   rCorr:     It protects you from acid and corrosion.
 C - the ring "Jimui" (left hand) {rF+ Will+}
   (You took it off a deep elf pyromancer on level 3 of the Elven Halls)

   [ring of willpower]

   rF+:       It protects you from fire.
   Will+:     It increases your willpower.
 M - the ring of Sagiwnuq (right hand) {rC+ Will+ rCorr Str+3 SInv}
   (You bought it in a shop on level 2 of the Vaults)

   [ring of willpower]

   Str+3:     It affects your strength (+3).
   rC+:       It protects you from cold.
   Will+:     It increases your willpower.
   SInv:      It lets you see invisible.
   rCorr:     It protects you from acid and corrosion.
 R - the ring "Uzxaf" {Contam rC+ Str+3 SInv}
   (You took it off a spriggan air mage on level 2 of the Depths)

   [ring of see invisible]

   Str+3:     It affects your strength (+3).
   rC+:       It protects you from cold.
   SInv:      It lets you see invisible.
   Contam:    It causes magical contamination when unequipped.
 S - the ring "Anodd" {Ice rN++ Str-5 Int+3 Dex+2}
   (You found it on level 7 of Tartarus)

   [ring of ice]

   Ice:       It enhances your ice magic.
   Str-5:     It affects your strength (-5).
   Int+3:     It affects your intelligence (+3).
   Dex+2:     It affects your dexterity (+2).
   rF-:       It makes you vulnerable to fire.
   rC+:       It protects you from cold.
   rN++:      It greatly protects you from negative energy.
 Z - the ring "Lufom" {rC+ rCorr Int+6 Dex+2}
   (You took it off a deep elf elementalist on level 3 of the Elven Halls)

   [ring of intelligence]

   Int+6:     It affects your intelligence (+6).
   Dex+2:     It affects your dexterity (+2).
   rC+:       It protects you from cold.
   rCorr:     It protects you from acid and corrosion.
Talismans
 p - a talisman of death (active)
Wands
 c - a wand of charming (46)
 L - a wand of acid (62)
 Q - a wand of roots (45)
 Y - a wand of digging (33)
Scrolls
 e - 8 scrolls of fear
 f - 8 scrolls of blinking
 i - 20 scrolls of teleportation
 q - 3 scrolls of silence
 y - 10 scrolls of poison
 E - 15 scrolls of fog
 J - 5 scrolls of summoning
 V - 8 scrolls of revelation
 W - 6 scrolls of immolation
Potions
 d - 15 potions of might
 j - 10 potions of invisibility
 o - 5 potions of haste
 r - 18 potions of enlightenment
 s - 17 potions of mutation
 t - 29 potions of curing
 z - 17 potions of lignification
 B - 13 potions of heal wounds
 F - 13 potions of brilliance
 I - 11 potions of magic
 K - 8 potions of cancellation
 P - 3 potions of resistance
 T - 4 potions of ambrosia
 U - 13 potions of attraction
 X - 10 potions of berserk rage
Miscellaneous
 b - a phantom mirror
 w - a box of beasts


   Skills:
 O Level 27 Fighting
 O Level 27 Axes
 + Level 13.5(21.8) Maces & Flails
 O Level 27 Throwing
 O Level 27 Armour
 + Level 24.4 Dodging
 - Level 18.1 Stealth
 - Level 14.1 Shields
 - Level 8.0 Spellcasting
 - Level 20.0 Translocations
 - Level 13.6 Evocations
 - Level 24.2 Shapeshifting


You had 27 spell levels left.
You knew the following spells:

 Your Spells              Type           Power      Damage    Failure   Level
a - Manifold Assault      Tloc           51%        N/A       1%          4
b - Wereblood             Tmut           4%         N/A       28%         2
c - Passage of Golubria   Tloc           51%        N/A       1%          4
d - Gell's Gravitas       Tloc           51%        N/A       0%          3
e - Blink                 Tloc           100%       N/A       0%          2

Your spell library contained the following spells:

 Spells                   Type           Power      Damage    Failure   Level
 Apportation              Tloc           100%       N/A       0%          1
 Lesser Beckoning         Tloc           100%       N/A       0%          2
 Teleport Other           Tloc           51%        N/A       0%          3
 Momentum Strike          Conj/Tloc      56%        3d9       1%          2
 Volatile Blastmotes      Fire/Tloc      56%        2d14      1%          3
 Dispersal                Tloc           25%        N/A       1%          6
 Dimensional Bullseye     Hex/Tloc       14%        N/A       3%          4
 Iskenderun's Mystic Bla  Conj/Tloc      28%        2d7       3%          4
 Vhi's Electric Charge    Tloc/Air       56%        N/A       3%          4
 Freeze                   Ice            16%        1d4       19%         1
 Kiss of Death            Conj/Necr      16%        2d6       19%         1
 Magic Dart               Conj           16%        1d3       19%         1
 Necrotise                Necr           16%        1d4       19%         1
 Sandblast                Erth           8%         2d5       19%         1
 Shock                    Conj/Air       16%        1d4       19%         1
 Slow                     Hex            16%        N/A       19%         1
 Sting                    Tmut/Pois      16%        1d3       19%         1
 Summon Small Mammal      Summ           16%        N/A       19%         1
 Cigotuvi's Dreadful Rot  Necr/Pois/Air  8%         N/A       28%         2
 Ensorcelled Hibernation  Hex/Ice        8%         N/A       28%         2
 Jinxbite                 Hex            8%         N/A       28%         2
 Passwall                 Tmut/Erth      3%         N/A       28%         2
 Poisonous Vapours        Pois/Air       8%         N/A       28%         2
 Scorch                   Fire           8%         2d5       28%         2
 Searing Ray              Conj           8%         2d4       28%         2
 Static Discharge         Conj/Air       8%         2-3/arc   28%         2
 Sublimation of Blood     Necr           4%         N/A       28%         2
 Disjunction              Tloc           25%        N/A       34%         8
 Call Canine Familiar     Summ           4%         N/A       50%         3
 Confusing Touch          Hex            4%         N/A       50%         3
 Dazzling Flash           Conj/Hex       8%         N/A       50%         3
 Frozen Ramparts          Ice            8%         1d2       50%         3
 Hailstorm                Conj/Ice       4%         3d4       50%         3
 Ignite Poison            Fire/Tmut/Pois 4%         N/A       50%         3
 Inner Flame              Hex/Fire       4%         N/A       50%         3
 Mephitic Cloud           Conj/Pois/Air  4%         N/A       50%         3
 Ozocubu's Armour         Ice            4%         N/A       50%         3
 Sigil of Binding         Hex            4%         N/A       50%         3
 Stone Arrow              Conj/Erth      8%         3d7       50%         3
 Summon Guardian Golem    Hex/Summ       4%         N/A       50%         3
 Swiftness                Air            4%         N/A       50%         3
 Tukima's Dance           Hex            4%         N/A       50%         3
 Vampiric Draining        Necr           4%         2d6       50%         3
 Airstrike                Air            2%         2d(1-17)  88%         4
 Anguish                  Hex/Necr       2%         N/A       88%         4
 Animate Armour           Summ/Erth      8%         N/A       88%         4
 Cause Fear               Hex            2%         N/A       88%         4
 Dispel Undead            Necr           4%         3d7       88%         4
 Flame Wave               Conj/Fire      4%         2d5       88%         4
 Fulminant Prism          Conj/Hex       2%         3d5       88%         4
 Leda's Liquefaction      Hex/Erth       2%         N/A       88%         4
 Olgreb's Toxic Radiance  Pois           4%         N/A       88%         4
 Petrify                  Tmut/Erth      4%         N/A       88%         4
 Sticky Flame             Conj/Fire      4%         2d3       88%         4
 Summon Ice Beast         Ice/Summ       4%         N/A       88%         4
 Summon Lightning Spire   Summ/Air       4%         N/A       88%         4
 Malign Gateway           Summ/Tloc      14%        N/A       95%         7
 Agony                    Necr           4%         N/A       99%         5
 Alistair's Intoxication  Tmut/Pois      2%         N/A       99%         5
 Arcjolt                  Conj/Air       2%         1d12      99%         5
 Borgnjor's Vile Clutch   Necr/Erth      2%         N/A       99%         5
 Fireball                 Conj/Fire      2%         3d4       99%         5
 Freezing Cloud           Conj/Ice/Air   2%         6-21      99%         5
 Irradiate                Conj/Tmut      2%         3d12      99%         5
 Iskenderun's Battlesphe  Conj           4%         2d6       99%         5
 Lee's Rapid Deconstruct  Erth           2%         3d4*      99%         5
 Metabolic Englaciation   Hex/Ice        2%         N/A       99%         5
 Silence                  Hex/Air        2%         N/A       99%         5
 Summon Mana Viper        Hex/Summ       4%         N/A       99%         5
 Yara's Violent Unravell  Hex/Tmut       2%         3d3       99%         5
 Conjure Ball Lightning   Conj/Air       2%         3x3d6     100%        6
 Death Channel            Necr           2%         N/A       100%        6
 Leda's Unmaking          Conj/Erth      2%         9d1       100%        6
 Plasma Beam              Fire/Air       2%         2x1d12    100%        6
 Starburst                Conj/Fire      2%         6d3       100%        6
 Summon Cactus Giant      Summ           2%         N/A       100%        6
 Enfeeble                 Hex            2%         N/A       100%        7
 Monstrous Menagerie      Summ           2%         N/A       100%        7
 Orb of Destruction       Conj           2%         9d5       100%        7
 Ozocubu's Refrigeration  Ice            2%         4d7       100%        7
 Spellforged Servitor     Conj/Summ      2%         N/A       100%        7
 Summon Hydra             Summ           2%         N/A       100%        7
 Lehudib's Crystal Spear  Conj/Erth      2%         10d2      100%        8
 Summon Horrible Things   Summ           2%         N/A       100%        8
 Chain Lightning          Conj/Air       2%         3d2       100%        9
 Fire Storm               Conj/Fire      2%         8d1       100%        9
 Polar Vortex             Ice            2%         N/A       100%        9
 Shatter                  Erth           2%         3d6*      100%        9
 Animate Dead             Necr           Unusable   N/A       N/A         4
 Simulacrum               Ice/Necr       Unusable   N/A       N/A         6

Dungeon Overview and Level Annotations

Branches:
Dungeon (15/15)            Temple (1/1) D:5            Lair (5/5) D:8
 Shoals (4/4) Lair:3        Snake (4/4) Lair:3        Slime (5/5) Lair:4
    Orc (2/2) D:10            Elf (3/3) Orc:2        Vaults (5/5) D:14
  Crypt (3/3) Vaults:2       Tomb (3/3) Crypt:3      Depths (4/4) D:15
   Hell (visited)             Dis (7/7) Hell            Geh (7/7) Hell
    Coc (7/7) Hell            Tar (7/7) Hell            Zot (5/5) Depths:4
  Sewer (visited)          WizLab (visited)         Gauntlet (visited)

Altars:
Ashenzari
Cheibriados
Dithmenos
Elyvilon
Fedhas
Gozag
Hepliaklqana
Kikubaaqudgha
Makhleb
Nemelex Xobeh
Okawaru
Qazlal
Ru
Sif Muna
Trog
Uskayaw
Vehumet
Wu Jian
Xom
Yredelemnul
Zin
The Shining One
Jiyva

Shops:
D:1 [   D:10 [   D:11 [   D:12 [   D:13 !   Orc:2 (!:(   Elf:1 *   Elf:2 [
Elf:3 ==:   Lair:3 *:=*   Vaults:2 ==   Depths:2 :==   Depths:3 :?*

Portals:
Hell: Depths:1 Depths:2 Depths:3 Depths:4
Abyss: Depths:3
Pandemonium: Depths:1 Depths:2 Depths:3
Ziggurat: Depths:3

Annotations:
D:2 1 runed translucent door, Crazy Yiuf
D:3 2 transporters, Urgle's ghost, amateur GnFi
Snake:3 2 runed translucent doors, Kyhiruh's ghost, journeyman DrSh


Innate Abilities, Weirdness & Mutations

You are an undying horror.
Your melee and unarmed attacks drain, slow and weaken victims.
You are immune to unholy pain and torment.
You cannot drink.
You are immune to poison.
You have a pair of horns on your head.
You reflexively headbutt those who attack you in melee.
You have an increased reservoir of magic. (+10% MP)
You are strong-willed. (Will+)
Your muscles are strong. (Str +4, Int/Dex -1)


Message History

Your smoke demon is engulfed in freezing vapours.
Your smoke demon hits the hellwing.
Your smoke demon hits the hellwing but does no damage.
Your smoke demon misses the hellwing.
The hellwing closely misses you. You furiously retaliate!
You headbutt the hellwing. The hellwing closely misses you.
The smoke demon is engulfed in freezing vapours.
Casting: Manifold Assault (safe; 1% risk of failure)
Confirm with . or Enter, or press ? or * to list all spells.
Space momentarily warps into an impossible shape!
You hit the hellwing but do no damage. You slash the smoke demon!
The smoke demon decays.
You freeze the smoke demon.
The smoke demon is no longer distracted by gold.
You barely miss the smoke demon.
Arammat hits the hellwing.
Arammat freezes the hellwing.
Poeskeli is engulfed in freezing vapours.
Casting: Manifold Assault (safe; 1% risk of failure)
Confirm with . or Enter, or press ? or * to list all spells.
Space momentarily warps into an impossible shape!
You open the smoke demon like a pillowcase!!!
You freeze the smoke demon!
You kill the smoke demon!
You chop the hellwing into pieces!!! You freeze the hellwing!
You kill the hellwing!
You slice the smoke demon like a ripe choko!!!
You freeze the smoke demon.
You kill the smoke demon!
Your smoke demon is engulfed in freezing vapours.
You swap places.
HP restored.
Poeskeli is engulfed in freezing vapours.
Poeskeli is engulfed in freezing vapours.
Poeskeli is engulfed in freezing vapours.
Poeskeli is engulfed in freezing vapours.
Poeskeli is engulfed in freezing vapours.
There is an open door here.
Poeskeli is engulfed in freezing vapours.
Poeskeli is engulfed in freezing vapours.
There is a staircase leading out of the dungeon here.
You have escaped!

#...................#....# #...##
#......☼#..##.......#....# #..#.#
#......○#..##.......#....# #.#.#.
#......○○..##.......###### #..#.#
#.....#°##○#################.#.#.
#..####..○§####### #.........#.#
...# ###3##≈≈≈≈≈## #.########.#.
...######8..°°.&☼.###.........#.#
...#..+.......☼&z..###########.#.
...#.####8.°○°○○☼.## #.#.#
..##...##'##≈≈≈≈≈######### ##.#.
..##...##..#######.......####.#.#
..##...###.#######...........#.#.
..##...###........>..............
.........##.......#####..........
.........##.......# #..........
.........##...#'#.# #..........


You could see the friendly Arammat (clouds), the friendly Poeskeli and a
friendly smoke demon.

Vanquished Creatures
  Cerebov (Pan)
  Antaeus (Coc:7)
  the Royal Jelly (Slime:5)
  Asmodeus (Geh:7)
  Ereshkigal (Tar:7)
  Gloorx Vloq (Pan)
  Ignacio (Pan)
  Dissolution (Slime:4)
  Lom Lobon (Pan)
  Mnoleg (Pan)
  Khufu (Crypt:3)
  4 ancient liches
  Dispater (Dis:7)
  6 dread liches
  5 orbs of fire
  Mennas (Pan)
  4 juggernauts
  Josephina (Depths:2)
  Sojobo (D:15)
  3 royal mummies
  10 pandemonium lords (Pan)
  Margery (Crypt:1)
  13 shard shrikes
  Bai Suzhen (Crypt:1)
  5 Killer Klowns (Zot:5)
  Saint Roka (Vaults:1)
  18 caustic shrikes
  3 curse toes
  18 golden dragons
  Geryon (Hell)
  Norris (Vaults:1)
  25 profane servitors
  A pearl dragon (Abyss:6)
  Jory (Depths:4)
  17 bone dragons
  6 electric golems
  A spectral shard shrike (Tar:4)
  9 hellephants
  3 iron giants
  29 Tzitzimimeh
  18 Brimstone Fiends
  10 doom hounds
  Rupert (Snake:1)
  12 Hell Sentinels
  Asterion (Elf:2)
  27 tentacled monstrosities
  31 tainted leviathans
  2 deep elf blademasters (Elf:3)
  22 Ice Fiends
  27 Orb Guardians
  19 titans
  16 searing wretches
  11 liches
  2 deep elf master archers (Elf:3)
  Grunn (Depths:3)
  8 sphinxes
  2 walking divine tomes
  Polyphemus (Shoals:4)
  A walking frostbound tome (Depths:1)
  A kraken (Shoals:4)
  25 Executioners
  10 quicksilver dragons
  30 acid blobs
  Kirke (Shoals:4)
  22 tentacled starspawn
  19 ancient champions
  8 death cobs
  Frances (D:12)
  5 nagarajas
  11 shadow dragons
  Aizul (Vaults:1)
  14 tengu reavers
  14 storm dragons
  10 revenants
  Ilsuiw (Shoals:2)
  6 demonspawn warmongers (Pan)
  12 rockslimes
  27 fire giants
  6 draconian monks
  12 frost giants
  7 draconian knights
  10 iron dragons
  12 narguns
  13 azure jellies
  19 vault wardens
  An emperor scorpion (D:15)
  10 quicksilver elementals
  8 deep elf sorcerers
  6 draconian scorchers
  4 ghost moths
  5 shard shrike simulacra
  A caustic shrike zombie (Crypt:1)
  5 draconian stormcallers
  5 draconian shifters
  2 juggernaut zombies
  A spectral juggernaut (Tar:4)
  5 deep elf elementalists
  61 balrugs
  4 spectral caustic shrikes
  15 war gargoyles
  34 cacodemons
  2 spriggan defenders (Depths:1)
  12 demonspawn corrupters (Pan)
  4 curse skulls
  4 ghouls
  22 reapers
  10 formless jellyfish
  An orc warlord (Orc:1)
  22 stone giants
  A quicksilver ooze (shapeshifter) (Vaults:5)
  12 draconian annihilators
  A caustic shrike skeleton (Abyss:3)
  12 ironbound preservers
  10 quicksilver oozes
  13 demonspawn blood saints (Pan)
  3 ironbound thunderhulks
  27 very ugly things
  27 elemental wellsprings
  13 black draconians
  16 red draconians
  29 putrid mouths
  11 purple draconians
  18 green draconians
  11 deep elf annihilators
  8 vampire knights
  2 minotaurs
  5 spark wasps (Depths:1)
  A bennu (Tomb:2)
  3 deep elf demonologists
  6 halazid warlocks
  10 wendigos
  11 dire elephants
  A bunyip (Abyss:6)
  21 yellow draconians
  12 white draconians
  9 demonspawn black suns (Pan)
  20 iron golems
  3 spectral titans
  22 eidola
  2 crystal guardians
  30 blizzard demons
  18 lorocyprocas
  9 deep elf death magi
  10 mummy priests
  3 merfolk javelineers
  2 entropy weavers
  20 ettins
  22 jiangshi
  11 merfolk impalers
  16 green deaths
  15 fire dragons
  10 deep elf high priests
  2 spectral quicksilver dragons
  14 great orbs of eyes
  16 yaktaur captains
  8 hell beasts
  13 rakshasas
  27 vault guards
  Fannar (Lair:3)
  A peacekeeper (Vaults:4)
  6 spriggan air magi
  21 ice dragons
  8 caustic shrike simulacra
  2 spectral krakens (Tar:7)
  4 alligators (Snake:3)
  4 death knights
  A catoblepas (Shoals:4)
  6 spriggan skeletons
  5 stokers
  A ghost crab (Abyss:6)
  6 juggernaut simulacra
  16 salamander tyrants
  11 hydras
  10 anacondas
  4 ironbound frosthearts
  8 centaur warriors
  3 merfolk aquamancers
  An anaconda (shapeshifter) (D:15)
  9 boulder beetles
  5 vampire magi
  4 satyrs
  5 merfolk avatars
  A sphinx skeleton (Vaults:2)
  7 ogre magi
  18 two-headed ogres
  5 alligator snapping turtles
  9 deep troll shamans
  15 death yaks
  23 death scarabs
  32 dancing weapons
  10 deep troll earth magi
  18 naga warriors
  8 spriggan berserkers
  42 hell hogs
  5 orc high priests (Orc:2)
  2 spectral stone giants (Tar:4)
  18 deep elf knights
  9 tengu warriors
  5 shock serpents
  A titan zombie (WizLab)
  24 demonic crawlers
  A spectral storm dragon (Tar:1)
  84 large abominations
  29 hell knights
  57 thrashing horrors
  11 naga sharpshooters
  5 crystal echidnas (Dis:7)
  147 sun demons
  42 soul eaters
  4 spriggans (Depths:2)
  4 salamander mystics
  7 skysharks
  A fire crab (Lair:5)
  40 skeletal warriors
  18 wretched stars
  15 shadow wraiths
  An anaconda zombie (Hell)
  14 iron trolls
  40 sixfirhies
  A goliath frog (shapeshifter) (Depths:3)
  5 spark wasp zombies (WizLab)
  3 spectral anacondas
  9 quicksilver dragon simulacra
  3 goliath frogs (Snake:3)
  5 spatial maelstroms (Abyss:6)
  48 deep trolls
  15 sea snakes
  6 flayed ghosts
  10 glowing orange brains
  20 shadow demons (Pan)
  5 naga ritualists (Snake:4)
  134 slime creatures
  A swamp dragon (Abyss:6)
  4 bunyip skeletons
  A bog body (Crypt:1)
  19 phantasmal warriors
  8 deep elf archers
  19 ironbound convokers
  An orange crystal statue (Depths:2)
  A golden dragon skeleton (Pan)
  17 wizards
  A spectral hydra (Tar:4)
  Pikel (D:3)
  11 lindwurms
  A spectral wolf spider (WizLab)
  3 wolf spider zombies
  A goliath frog zombie (Crypt:1)
  15 harpies
  20 deep elf zephyrmancers
  A fenstrider witch simulacrum (Coc:1)
  30 deep elf pyromancers
  2 oklob plants
  17 necromancers
  7 mana vipers
  13 orc knights
  56 ugly things
  9 shining eyes
  17 salamanders
  2 tengu skeletons (Vaults:2)
  5 orc sorcerers
  2 worldbinders
  28 fauns
  A shadow dragon skeleton (Vaults:4)
  A wolf spider (shapeshifter) (Vaults:5)
  30 moths of wrath
  A shining eye (shapeshifter) (Vaults:5)
  A stone giant zombie (Crypt:1)
  A spectral centaur (Tar:1)
  A spectral ettin (Tar:4)
  A cyclops (shapeshifter) (Vaults:5)
  22 elephants
  6 spectral spriggans
  11 manticores
  6 merfolk sirens
  A frost giant skeleton (Vaults:2)
  6 water nymphs
  An iron dragon skeleton (Tomb:1)
  4 stone giant skeletons
  33 black mambas
  A guardian serpent (shapeshifter) (Vaults:4)
  6 cyclopes
  22 naga magi
  7 apocalypse crabs (Abyss:6)
  8 guardian serpents
  10 molten gargoyles
  5 eyes of devastation
  A gargoyle (D:12)
  5 ice statues (Pan)
  37 orange demons
  86 smoke demons
  12 cane toads
  A centaur zombie (Hell)
  16 vault sentinels
  A centaur skeleton (Crypt:1)
  6 titan simulacra
  11 spectral swamp worms (Tar:7)
  6 rust devils
  5 torpor snails (Lair:5)
  2 dire elephant skeletons (Pan)
  35 hellions
  An alligator snapping turtle skeleton (Pan)
  4 unseen horrors
  6 komodo dragons
  25 yaktaurs
  2 rime drakes
  9 efreet
  23 ancient zymes (Abyss:6)
  8 ice devils
  6 anaconda simulacra
  2 tengu conjurers
  24 guardian mummies
  10 freezing wraiths
  2 spectral nagas
  22 merfolk
  8 red devils (Pan)
  2 iron giant simulacra (Coc:7)
  A tyrant leech (shapeshifter) (Depths:4)
  A golden dragon simulacrum (Coc:6)
  25 tormentors
  3 yaktaur skeletons
  5 spectral harpies
  A human skeleton (Vaults:2)
  3 tyrant leeches (Lair:5)
  8 trolls
  4 harpy skeletons
  11 polar bears
  4 meliai
  2 tengu simulacra (Depths:2)
  2 polar bears (shapeshifter)
  2 tarantellas (shapeshifter)
  13 hornets
  6 wind drakes
  8 snapping turtles
  30 hellwings
  13 blink frogs
  A raiju (shapeshifter) (Elf:3)
  62 raiju
  11 dream sheep
  A dream sheep (shapeshifter) (Vaults:5)
  A spriggan zombie (WizLab)
  7 shadows
  4 stone giant simulacra
  An ettin skeleton (Vaults:2)
  2 ettin zombies
  An air elemental (Elf:2)
  89 flying skulls
  4 centaur simulacra
  4 dire elephant simulacra
  A vampire (D:11)
  Sigmund (D:5)
  51 ynoxinuls
  52 yaks
  9 ushabtiu
  7 wyverns
  7 wraiths
  Eustachio (D:5)
  A spriggan (shapeshifter) (Elf:3)
  5 basilisks
  A tyrant leech zombie (Crypt:2)
  14 water elementals
  2 fire elementals
  16 humans (D:14)
  22 golden eyes
  A steam dragon (D:7)
  68 neqoxecs
  3 alligator snapping turtle simulacra
  38 chaos spawn
  3 redbacks (Vaults:4)
  4 spatial vortices (Abyss:6)
  59 nagas
  A two-headed ogre zombie (Tomb:1)
  2 glowing shapeshifter zombies (Depths:2)
  A swamp worm (shapeshifter) (Vaults:5)
  10 harpy simulacra
  13 water moccasins
  A deep troll zombie (Crypt:2)
  6 wargs
  A hydra simulacrum (Coc:1)
  14 hell hounds (Lair:5)
  6 floating eyes
  15 black bears
  2 sky beasts
  4 ettin simulacra
  An ice beast (D:5)
  A naga skeleton (Crypt:3)
  An ice dragon simulacrum (Gauntlet)
  41 orc warriors
  8 spriggan simulacra
  14 ogres
  A tengu (shapeshifter) (Depths:3)
  26 wolves
  80 starcursed masses
  14 centaurs
  5 boggarts
  10 kobold brigands
  13 bullfrogs
  4 naga simulacra
  7 necrophages
  2 scorpions
  An entropy weaver simulacrum (Vaults:4)
  2 earth elementals
  A human simulacrum (Depths:2)
  7 wights
  A wyvern skeleton (Crypt:1)
  3 killer bees
  3 howler monkeys
  3 electric eels
  13 small abominations
  5 crimson imps (Pan)
  A quasit (Abyss:2)
  6 jellies
  29 orc priests
  4 hounds
  3 iguanas
  Jessica (D:3)
  A gnoll bouda (D:10)
  Terence (D:2)
  23 orc wizards
  2 hell rats (Lair:4)
  20 mummies
  Robin (D:2)
  5 gnolls (D:10)
  16 adders
  14 river rats
  2 shadow imps
  2 white imps (D:6)
  2 adder zombies
  9 worms
  A dart slug (D:3)
  73 orcs
  6 ball pythons
  9 bats
  14 endoplasms
  12 giant cockroaches
  9 goblins
  12 hobgoblins
  5 jackals
  6 quokkas
  A ball python zombie (Crypt:2)
  An endoplasm zombie (Crypt:2)
  4 frilled lizards
  8 kobolds
  A quokka zombie (Crypt:2)
  11 rats
  A rat skeleton (Crypt:1)
  4 creeping infernos
  24 fire vortices
  A lurking horror (Abyss:5)
  2 spectral weapons (Elf:2)
  20 starspawn tentacles
  9 tentacles
5010 creatures vanquished.

Vanquished Creatures (collateral kills)
  2 juggernauts (Dis:7)
  9 royal mummies
  5 caustic shrikes
  2 iron giants
  A Brimstone Fiend (Zot:5)
  4 Hell Sentinels
  2 liches
  An Orb Guardian (D:6)
  7 ancient champions
  4 sphinxes (Tomb:1)
  3 iron dragons (Dis:7)
  2 quicksilver elementals
  A balrug (Depths:4)
  A cacodemon (D:14)
  8 war gargoyles (Dis:7)
  4 bennus
  2 green deaths (Zot:5)
  5 iron golems
  3 mummy priests
  8 death scarabs
  4 crystal echidnas
  2 sixfirhies
  A sun demon (D:14)
  A skeletal warrior (Tomb:3)
  A rust devil (Zot:4)
  An orange demon (Depths:4)
  An ice devil (D:8)
  11 guardian mummies
  11 flying skulls
  6 ushabtiu
  A chaos spawn (D:14)
  A neqoxec (D:5)
  18 mummies
133 creatures vanquished.

Vanquished Creatures (others)
  the Serpent of Hell (Dis:7)
  7 royal mummies
  A caustic shrike (Dis:6)
  A golden dragon (Zot:2)
  2 iron giants (Dis:7)
  2 Hell Sentinels (Dis:7)
  4 ancient champions
  4 sphinxes
  An eldritch tentacle (Pan)
  A tentacled starspawn (Abyss:6)
  A frost giant (Depths:1)
  A revenant (Tomb:2)
  2 quicksilver elementals (Dis:7)
  2 iron dragons (Dis:7)
  A shard shrike simulacrum (Coc:3)
  13 war gargoyles (Dis:7)
  A demonspawn blood saint (Pan)
  A bennu (Tomb:3)
  A wendigo (Coc:3)
  A demonspawn black sun (Pan)
  A green death (Pan)
  5 mummy priests
  A blizzard demon (Pan)
  A spriggan skeleton (Tomb:2)
  A caustic shrike simulacrum (Coc:5)
  A juggernaut simulacrum (Coc:3)
  A death scarab (Tomb:3)
  A thrashing horror (Abyss:6)
  A deep elf knight (Elf:2)
  A sixfirhy (Pan)
  2 skeletal warriors (Tomb:2)
  A glowing orange brain (Abyss:6)
  A spriggan simulacrum (Coc:3)
  A wizard (Pan)
  A fenstrider witch simulacrum (Coc:1)
  A deep elf zephyrmancer (Elf:1)
  A water nymph (Shoals:4)
  A titan simulacrum (Coc:6)
  A dire elephant skeleton (Tomb:1)
  A large abomination (Abyss:6)
  A hellion (Dis:7)
  16 guardian mummies
  An iron dragon simulacrum (Coc:5)
  A raiju (Abyss:6)
  A stone giant simulacrum (Coc:3)
  An ettin zombie (Tomb:3)
  2 flying skulls
  A ynoxinul (Pan)
  6 ushabtiu (Tomb:3)
  3 humans (Shoals:4)
  A golden eye (Abyss:6)
  2 dire elephant simulacra
  A chaos spawn (Pan)
  2 spatial vortices (Abyss:6)
  A harpy simulacrum (Coc:3)
  3 ettin simulacra
  8 mummies
  A kobold (D:8)
  3 ball lightnings (Pan)
  3 creeping infernos
  A fire vortex (Geh:6)
  A lurking horror (Abyss:6)
  8 spectral weapons
  47 starspawn tentacles
  11 tentacles
199 creatures vanquished.

Grand Total: 5342 creatures vanquished

Notes
Turn   | Place    | Note
-------+----------+-------------------------------------------
     0 | D:1      | riellis1 the Minotaur Fighter began the quest for the Orb.
     0 | D:1      | Reached XP level 1. HP: 19/19 MP: 0/0
   174 | D:1      | Reached XP level 2. HP: 26/26 MP: 1/1
   317 | D:1      | Found Cazxituf's Armour Boutique.
   563 | D:1      | Found a faded altar of an unknown god.
   743 | D:1      | Reached XP level 3. HP: 31/31 MP: 2/2
   995 | D:2      | Reached skill level 5 in Axes
  1033 | D:2      | Noticed Robin
  1049 | D:2      | Killed Robin
  1050 | D:2      | Reached XP level 4. HP: 32/38 MP: 3/3
  1079 | D:2      | Noticed Terence
  1087 | D:2      | Killed Terence
  1349 | D:2      | Found a runed translucent door.
  1350 | D:2      | Noticed Crazy Yiuf
  1666 | D:3      | Reached XP level 5. HP: 45/45 MP: 4/4
  1697 | D:3      | Found a transporter.
  1701 | D:3      | Found a transporter.
  1701 | D:3      | Noticed Urgle's ghost (amateur GnFi)
  1790 | D:3      | Noticed Jessica
  1795 | D:3      | Killed Jessica
  1810 | D:3      | Found an ancient bone altar of Kikubaaqudgha.
  2574 | D:4      | Reached XP level 6. HP: 51/51 MP: 5/5
  2636 | D:4      | Identified the +0 chain mail of Teawee Cyni {rF+}
  2993 | D:4      | Noticed Pikel
  3026 | D:3      | Killed Pikel
  3027 | D:3      | Reached skill level 10 in Axes
  3027 | D:3      | Reached XP level 7. HP: 29/57 MP: 6/6
  3191 | D:5      | Entered Level 5 of the Dungeon
  3191 | D:5      | Found a staircase to the Ecumenical Temple.
  3235 | D:5      | Reached skill level 5 in Fighting
  3485 | D:5      | Noticed Sigmund
  3496 | D:5      | Killed Sigmund
  3497 | D:5      | Reached skill level 5 in Armour
  3497 | D:5      | Reached XP level 8. HP: 60/68 MP: 7/7
  3635 | D:5      | Found a sparkling altar of Nemelex Xobeh.
  3788 | D:5      | Found a glowing drain.
  3793 | Sewer    | Entered a sewer
  3813 | Sewer    | Reached skill level 5 in Dodging
  3934 | Sewer    | Found a viscous altar of Jiyva.
  4036 | Sewer    | Reached skill level 5 in Shields
  4320 | Temple   | Entered the Ecumenical Temple
  4335 | Temple   | Became a worshipper of Gozag Ym Sagoz the Greedy
  4574 | D:5      | Noticed Eustachio
  4580 | D:5      | Killed Eustachio
  4819 | D:6      | Reached XP level 9. HP: 59/74 MP: 8/8
  5530 | D:7      | Found a blossoming altar of Fedhas.
  5859 | D:7      | Found a stormy altar of Qazlal.
  6781 | D:8      | Found an iron altar of Okawaru.
  6944 | D:7      | Reached skill level 15 in Axes
  6944 | D:7      | Reached XP level 10. HP: 54/81 MP: 9/9
  7377 | D:1      | Bought the +2 pair of boots of Impish the Leaf {rElec} for
                  | 399 gold pieces
  7726 | D:8      | Found a staircase to the Lair.
  7728 | D:8      | You fall into a shaft and drop 3 floors!
  7835 | D:10     | Entered Level 10 of the Dungeon
  8664 | D:8      | Found an iron altar of Okawaru.
  9286 | D:1      | Bought a +1 pair of gloves of dexterity for 231 gold pieces
  9582 | D:9      | Noticed a two-headed ogre
  9590 | D:9      | Killed a two-headed ogre
  9950 | D:9      | Noticed a two-headed ogre
  9963 | D:9      | Killed a two-headed ogre
 10205 | D:9      | Reached skill level 1 in Maces & Flails
 10424 | D:10     | Noticed a red ugly thing
 10445 | D:10     | Killed a red ugly thing
 10446 | D:10     | Reached skill level 10 in Armour
 10446 | D:10     | Reached XP level 11. HP: 48/86 MP: 10/10
 10743 | D:10     | Reached skill level 5 in Maces & Flails
 10936 | D:10     | Found a shimmering altar of Xom.
 10939 | D:10     | Found a snail-covered altar of Cheibriados.
 10945 | D:10     | Found a shimmering blue altar of Sif Muna.
 10958 | D:10     | Found a glowing golden altar of the Shining One.
 10958 | D:10     | Found a sacrificial altar of Ru.
 11010 | D:10     | Found Veocul's Antique Armour Shoppe.
 11206 | D:10     | Found a staircase to the Orcish Mines.
 12114 | D:11     | Noticed a deep elf knight
 12220 | Lair:1   | Entered Level 1 of the Lair of Beasts
 12635 | Lair:1   | Reached skill level 10 in Shields
 13469 | Lair:1   | Reached XP level 12. HP: 56/94 MP: 11/11
 15006 | Lair:2   | Noticed a dire elephant
 15038 | Lair:2   | Killed a dire elephant
 15259 | Lair:2   | Reached skill level 10 in Fighting
 15835 | D:1      | Bought +2 pearl dragon scales for 1517 gold pieces
 16807 | Lair:3   | Noticed Fannar
 16827 | Lair:3   | Killed Fannar
 16933 | Lair:3   | Found a staircase to the Shoals.
 17216 | Lair:3   | Reached XP level 13. HP: 60/116 MP: 12/12
 17412 | Lair:3   | Identified the +1 short sword of Ryum {freeze, Int+4}
 17429 | Lair:3   | Found a staircase to the Snake Pit.
 18048 | Lair:4   | Found a viscous altar of Jiyva.
 18048 | Lair:4   | Found a staircase to the Slime Pits.
 18918 | Lair:4   | Reached skill level 10 in Dodging
 19203 | Lair:5   | Entered Level 5 of the Lair of Beasts
 19916 | Lair:5   | Reached XP level 14. HP: 115/126 MP: 13/13
 21783 | Lair:5   | Found a runed translucent door.
 23513 | Orc:1    | Entered Level 1 of the Orcish Mines
 23865 | Orc:1    | Found a runed translucent door.
 24198 | Orc:2    | Entered Level 2 of the Orcish Mines
 24198 | Orc:2    | Noticed an orc warlord
 24198 | Orc:2    | Found a staircase to the Elven Halls.
 24219 | Orc:1    | Reached skill level 15 in Fighting
 24223 | Orc:1    | Killed an orc warlord
 25631 | Orc:2    | Reached XP level 15. HP: 104/141 MP: 14/14
 26276 | Orc:2    | Found Fukoteg's Distillery.
 26279 | Orc:2    | Found Kiclul's Book Emporium.
 26280 | Orc:2    | Found Ratech's Weapon Shoppe.
 26281 | Orc:2    | Found Vovygineu's Antique Weapon Shoppe.
 26288 | Orc:2    | Bought a potion of curing for 39 gold pieces
 26288 | Orc:2    | Bought a potion of heal wounds for 65 gold pieces
 26288 | Orc:2    | Bought a potion of heal wounds for 65 gold pieces
 26288 | Orc:2    | Bought a potion of heal wounds for 65 gold pieces
 26335 | Orc:2    | Bought a glowing broad axe for 189 gold pieces
 26339 | Orc:2    | Bought a manual of Dodging for 1200 gold pieces
 26613 | Orc:1    | Paralysed by a floating eye for 2 turns
 26616 | Orc:1    | Paralysed by a floating eye for 3 turns
 26652 | Orc:1    | Reached skill level 15 in Dodging
 27594 | D:11     | Bought a +0 cloak of poison resistance for 144 gold pieces
 27796 | D:12     | Noticed Frances
 27809 | D:12     | Killed Frances
 27893 | D:12     | Found Tufry's Armour Shop.
 27963 | D:12     | Identified the +1 ring mail of Lilacs {rF+}
 28379 | D:13     | Found Lixtucvu's Distillery.
 28382 | D:13     | Bought a potion of ambrosia for 104 gold pieces
 28382 | D:13     | Bought a potion of curing for 39 gold pieces
 28382 | D:13     | Bought a potion of enlightenment for 65 gold pieces
 28382 | D:13     | Bought a potion of heal wounds for 65 gold pieces
 28382 | D:13     | Bought a potion of berserk rage for 65 gold pieces
 28382 | D:13     | Bought 2 potions of curing for 78 gold pieces
 28899 | D:13     | Found Lixtucvu's Distillery.
 29192 | D:14     | Reached skill level 15 in Armour
 29497 | D:14     | Found a sparkling altar of Nemelex Xobeh.
 29510 | D:14     | Found a gate leading to a gauntlet.
 29525 | Gauntlet | Entered a Gauntlet
 29525 | Gauntlet | Found a transporter.
 29528 | Gauntlet | Found a transporter.
 29532 | Gauntlet | Found a transporter.
 29534 | Gauntlet | Found a transporter.
 29535 | Gauntlet | Found a transporter.
 29536 | Gauntlet | Found a transporter.
 29545 | Gauntlet | Found a transporter.
 29549 | Gauntlet | Found a transporter.
 29571 | Gauntlet | Found a transporter.
 29571 | Gauntlet | Found a transporter.
 29579 | Gauntlet | Found a transporter.
 29620 | Gauntlet | Found a transporter.
 29750 | Gauntlet | Identified the ring "Viluodwa" {+Blink rPois rN+}
 29753 | Gauntlet | Identified the ring "Buleq" {Fly rPois Will- rCorr Slay+5}
 29783 | Gauntlet | Found the +3 crown of Dyrovepreva {rElec Int+2 SInv}
 29836 | Gauntlet | Identified the staff "Uchuf" {rC+ Str+3 Int-5 Dex+3 Necro
                  | Ice}
 29836 | Gauntlet | Identified the +2 dagger "Puobba Elaz" {flame, Fragile
                  | rPois rN++}
 30264 | D:14     | Found a gate to the Vaults.
 30276 | D:14     | Reached XP level 16. HP: 119/149 MP: 15/15
 30380 | D:15     | Entered Level 15 of the Dungeon
 30583 | D:15     | Found a staircase to the Depths.
 30988 | D:15     | Identified 2 scrolls of acquirement
 30988 | D:15     | Acquired the +8 broad axe "Qipax" {spect, rPois rCorr}
 30989 | D:15     | Acquired the amulet "Rucuduss" {Acrobat rElec rC+ Dex+2}
 31275 | D:15     | Paralysed by a floating eye for 4 turns
 31286 | D:15     | Paralysed by a floating eye for 4 turns
 31308 | D:15     | Paralysed by a floating eye for 2 turns
 32764 | Snake:1  | Entered Level 1 of the Snake Pit
 33204 | Snake:1  | Noticed Rupert
 33214 | Snake:1  | Killed Rupert
 33564 | Snake:1  | Found a sparkling altar of Nemelex Xobeh.
 34655 | Snake:2  | Found the +8 frozen axe "Frostbite" {freeze, freezing
                  | cloud, *Noise Fly rC+}
 35706 | Snake:3  | Reached XP level 17. HP: 131/156 MP: 16/16
 36674 | Snake:3  | Found a large runed translucent door.
 36674 | Snake:3  | Found a large runed translucent door.
 36676 | Snake:3  | Noticed Kyhiruh's ghost (journeyman DrSh)
 37501 | Snake:4  | Entered Level 4 of the Snake Pit
 39376 | Snake:4  | Got a serpentine rune of Zot
 39658 | Shoals:1 | Entered Level 1 of the Shoals
 39663 | Lair:3   | Bought a potion of berserk rage for 85 gold pieces
 39663 | Lair:3   | Bought the +5 demon whip "Spellbinder" {antimagic, disrupt,
                  | Will+} for 1404 gold pieces
 39663 | Lair:3   | Found the +5 demon whip "Spellbinder" {antimagic, disrupt,
                  | Will+}
 39686 | Shoals:1 | Reached XP level 18. HP: 161/163 MP: 17/17
 40857 | Shoals:2 | Noticed Ilsuiw
 40887 | Shoals:2 | Killed Ilsuiw
 41014 | Shoals:2 | Found a hide-covered altar of Uskayaw.
 41071 | Shoals:2 | Identified the +5 arbalest of Big Damage {heavy, rPois
                  | rCorr MP+9 Stlth-}
 41156 | Shoals:2 | Identified the +2 longbow "Fishaso" {heavy, Contam rCorr
                  | Dex+5}
 43017 | Shoals:4 | Entered Level 4 of the Shoals
 43028 | Shoals:4 | Noticed Kirke
 43034 | Shoals:4 | Killed Kirke
 44087 | Shoals:4 | Found a blossoming altar of Fedhas.
 44250 | Shoals:4 | Identified the +10 falchion of the Snake Pit {venom,
                  | Fragile Str+2 Dex+3}
 44362 | Shoals:4 | Noticed Polyphemus
 44377 | Shoals:4 | Killed Polyphemus
 44678 | Shoals:4 | Reached XP level 19. HP: 156/185 MP: 18/18
 45196 | Shoals:4 | Got a barnacled rune of Zot
 45534 | Lair:3   | Bought the ring of Ishroahawo {rPois rF+ rCorr Str-3} for
                  | 710 gold pieces
 45782 | Depths:1 | Entered Level 1 of the Depths
 45782 | Depths:1 | Noticed Sojobo
 45803 | D:15     | Killed Sojobo
 47324 | Depths:1 | Identified the +1 short sword of Dithmenos, Stopping
                  | {antimagic, rCorr}
 47337 | Depths:1 | Got the Omnibus of Rime
 48116 | Depths:1 | Found a gateway to Hell.
 48437 | Depths:1 | Found a one-way gate leading to the halls of Pandemonium.
 48444 | Depths:1 | Gained mutation: Your system is resistant to poisons.
                  | (rPois) [a cacodemon]
 48543 | Depths:1 | Got Hurghuit's Catalogue of Injury
 48761 | Depths:2 | Found Joebbug's Assorted Antiques.
 48838 | Depths:2 | Found Xeret's Jewellery Emporium.
 48838 | Depths:2 | Found Beawnatsy's Book Shoppe.
 48842 | Depths:2 | Found Qiuss's Jewellery Shoppe.
 48847 | Depths:2 | Bought a talisman of death for 1932 gold pieces
 48884 | Depths:2 | Reached skill level 1 in Shapeshifting
 48884 | Depths:2 | Reached XP level 20. HP: 177/195 MP: 19/19
 49189 | Depths:2 | Identified the +5 hand axe "Houmm" {protect, Will+}
 49648 | Depths:2 | Noticed a golden dragon
 49657 | Depths:2 | Noticed a juggernaut
 49678 | Depths:2 | HP: 4/198 [frost giant/+3 battleaxe of freezing (19)]
 49678 | Depths:2 | HP: 1/198 [frost giant/+3 battleaxe of freezing (3)]
 50370 | Depths:2 | Reached skill level 5 in Shapeshifting
 50682 | Depths:2 | Killed a golden dragon
 50704 | Depths:2 | Identified the +1 morningstar of the Last Moons {heavy,
                  | rPois rCorr Stlth+}
 51423 | Depths:2 | Identified the +1 cloak of Death's Door {Int+4}
 51589 | Depths:2 | Noticed a golden dragon
 51593 | Depths:2 | Identified the ring "Uzxaf" {Contam rC+ Str+3 SInv}
 51599 | Depths:2 | Killed a golden dragon
 51617 | Depths:2 | Killed a juggernaut
 52113 | Depths:2 | Identified the ring "Luwnomot" {Ice Str+4}
 52113 | Depths:2 | Noticed Josephina
 52141 | Depths:2 | Killed Josephina
 52389 | Depths:2 | Found a glowing golden altar of the Shining One.
 52523 | Depths:2 | Reached XP level 21. HP: 165/199 MP: 20/20
 53050 | Depths:3 | Noticed Grunn
 53469 | Depths:3 | Killed Grunn
 53474 | Depths:3 | Reached skill level 10 in Shapeshifting
 53482 | Depths:3 | Found a one-way gateway to a ziggurat.
 54060 | Depths:3 | Noticed a juggernaut
 54064 | Depths:3 | Noticed a golden dragon
 54074 | Depths:3 | Killed a juggernaut
 54078 | Depths:3 | Killed a golden dragon
 54470 | Depths:3 | Found a one-way gate to the infinite horrors of the Abyss.
 54487 | Depths:3 | Noticed a golden dragon
 54503 | Depths:3 | Killed a golden dragon
 54665 | Depths:3 | Got Vatag's Incunabulum of Virulence and Flame
 54814 | Depths:4 | Entered Level 4 of the Depths
 54885 | Depths:4 | Noticed a golden dragon
 54892 | Depths:4 | Killed a golden dragon
 56432 | Depths:4 | Reached XP level 22. HP: 202/215 MP: 21/21
 56522 | Depths:4 | Noticed Jory
 56537 | Depths:4 | Killed Jory
 56791 | Depths:4 | Found a gate to the Realm of Zot.
 56863 | Depths:4 | Paralysed by a floating eye for 2 turns
 57001 | Depths:4 | Found a hide-covered altar of Uskayaw.
 57001 | Depths:4 | Noticed a juggernaut
 57009 | Depths:4 | Killed a juggernaut
 57604 | Vaults:1 | Entered Level 1 of the Vaults
 57604 | Vaults:1 | Noticed Norris
 57658 | Vaults:1 | Killed Norris
 58281 | Vaults:1 | Got the Catalogue of Geological Accelerants
 58364 | Vaults:1 | Identified the +1 cloak of Beogh's Benevolence {+Inv rElec}
 58493 | Vaults:1 | Noticed Saint Roka
 58493 | Vaults:1 | You are sucked into a shaft and drop 1 floor!
 58699 | Vaults:2 | Found a staircase to the Crypt.
 59284 | Vaults:2 | Reached skill level 15 in Shapeshifting
 59585 | Vaults:1 | Learned a level 4 spell: Manifold Assault
 59920 | Vaults:1 | Noticed Aizul
 59930 | Vaults:1 | Killed Aizul
 59941 | Vaults:1 | Killed Saint Roka
 60573 | Vaults:2 | Bought the ring of Sagiwnuq {rC+ Will+ rCorr Str+3 SInv}
                  | for 1212 gold pieces
 60786 | Depths:2 | Bought the amulet of Spring {rF+ Regen+ Str+6} for 905 gold
                  | pieces
 61761 | Vaults:3 | Identified the +4 flail "Fysaxu" {freeze, rElec rCorr}
 62034 | Vaults:3 | Reached XP level 23. HP: 213/223 MP: 22/22
 62499 | Vaults:4 | Identified the +1 ring mail of the Sea {rN+ Str+4 Int-4}
 63534 | Vaults:5 | Entered Level 5 of the Vaults
 63606 | Vaults:5 | Identified the +0 pair of gloves of the True Pharaoh {+Inv
                  | rPois Int+3}
 63907 | Vaults:5 | Identified the +0 leather armour "Anez" {rPois Regen+ rCorr
                  | MP-9}
 63908 | Vaults:5 | Identified the +8 trident of Division {elec, rElec rC-
                  | Will++ rCorr}
 63965 | Vaults:5 | Got Wapsit's Catalogue of the Singed Discharge
 64060 | Vaults:5 | Identified the +6 hand axe "Transmigrator" {flame, *Slow
                  | Int+3 Dex+3 SInv}
 64203 | Vaults:5 | Identified the +8 plate armour of the Northern Lights
                  | {Stlth+}
 64797 | Vaults:5 | Got a silver rune of Zot
 65367 | Vaults:5 | Got the Directory of the Last Suns
 65446 | Vaults:5 | Got the Omnibus of Company and Doom
 65579 | Vaults:5 | Reached XP level 24. HP: 168/231 MP: 19/22
 65868 | Vaults:5 | Identified the staff of Conformity {rF+ Will++ Fire}
 66290 | Elf:1    | Entered Level 1 of the Elven Halls
 66442 | Elf:1    | Found Hodyukk's Assorted Antiques.
 66446 | Elf:1    | Bought a pair of glowing gloves for 240 gold pieces
 66902 | Elf:1    | Got the Almanac of the Generative Salvo
 67105 | Elf:1    | Identified the +7 dagger of the Big Fish {flame, Int+3
                  | Stlth+}
 67689 | Elf:2    | Found Bielosu's Antique Armour Shoppe.
 67931 | Elf:2    | Found a huge runed translucent gate.
 67931 | Elf:2    | Found a huge runed translucent gate.
 67931 | Elf:2    | Found a huge runed translucent gate.
 67941 | Elf:2    | Found a huge runed translucent gate.
 67956 | Elf:2    | Found a huge runed translucent gate.
 68580 | Elf:2    | Noticed Asterion
 68595 | Elf:2    | Killed Asterion
 68916 | Elf:3    | Entered Level 3 of the Elven Halls
 69021 | Elf:3    | Found a magical portal.
 69033 | WizLab   | Entered Borgnjor's Mausoleum
 69768 | WizLab   | Got the Secrets of Unhallowed Rituals
 70197 | Elf:3    | Identified the +3 battleaxe of Peril {freeze, rF- rC+
                  | Int+2}
 70352 | Elf:3    | Identified the ring "Jimui" {rF+ Will+}
 70353 | Elf:3    | Identified the ring "Lufom" {rC+ rCorr Int+6 Dex+2}
 70839 | Elf:3    | Found Ilennuf's Book Shop.
 70839 | Elf:3    | Found Goiddure's Jewellery Shoppe.
 70840 | Elf:3    | Found Bofimedu's Jewellery Shoppe.
 70851 | Elf:3    | Bought a ring of protection from cold for 500 gold pieces
 70887 | Elf:3    | Identified the ring "Ipnaopex" {rPois SInv}
 70916 | Elf:3    | Identified the +0 fire dragon scales "Piutowk" {Rampage
                  | rElec rF++ rC- Int+2}
 70916 | Elf:3    | Identified the ring "Raggaq" {rPois rN+ MP-9 Stlth+}
 71004 | Elf:3    | Reached XP level 25. HP: 197/232 MP: 17/22
 71030 | Elf:3    | Identified the +8 mace of the Glimmering Gods {spect, Drain
                  | Str+5}
 71030 | Elf:3    | Identified the amulet "Paseis" {Reflect rF+ rN+ Will+ Int+3
                  | SH+5}
 71185 | Elf:3    | Got Sif Muna's Exposition on Septic Changing
 71189 | Elf:3    | Learned a level 2 spell: Wereblood
 71236 | Elf:3    | Identified the staff "Echurooli" {rPois Str+4 Int-3 Poison}
 71238 | Elf:3    | Got the Commentary on Pestilent Accelerants
 71859 | Zot:1    | Entered Level 1 of the Realm of Zot
 72522 | Zot:1    | Noticed an orb of fire
 72526 | Zot:1    | Gained mutation: You are occasionally teleported next to
                  | monsters. [an orb of fire]
 72530 | Zot:1    | Gained mutation: You have an increased reservoir of magic.
                  | (+10% MP) [an orb of fire]
 72539 | Zot:1    | Gained mutation: You are vulnerable to heat. (rF-) [an orb
                  | of fire]
 72540 | Zot:1    | Killed an orb of fire
 72541 | Zot:1    | Lost mutation: You are occasionally teleported next to
                  | monsters. [potion of mutation]
 72541 | Zot:1    | Lost mutation: You have an increased reservoir of magic.
                  | (+10% MP) [potion of mutation]
 72541 | Zot:1    | Lost mutation: Your system is resistant to poisons. (rPois)
                  | [potion of mutation]
 72541 | Zot:1    | Gained mutation: You occasionally lose the ability to read
                  | scrolls when taking damage. [potion of mutation]
 72542 | Zot:1    | Lost mutation: You occasionally lose the ability to read
                  | scrolls when taking damage. [potion of mutation]
 72542 | Zot:1    | Lost mutation: You are vulnerable to heat. (rF-) [potion of
                  | mutation]
 72542 | Zot:1    | Gained mutation: Your muscles are strong. (Str +4, Int/Dex
                  | -1) [potion of mutation]
 72542 | Zot:1    | Gained mutation: You have an increased reservoir of magic.
                  | (+10% MP) [potion of mutation]
 72542 | Zot:1    | Gained mutation: You are strong-willed. (Will+) [potion of
                  | mutation]
 75544 | Zot:3    | Noticed an orb of fire
 75593 | Zot:3    | Gained mutation: Your spells are a little easier to cast,
                  | but a little less powerful. [an orb of fire]
 75595 | Zot:3    | Gained mutation: Your body sometimes deteriorates upon
                  | taking damage. [an orb of fire]
 75605 | Zot:3    | Killed an orb of fire
 76602 | Zot:3    | Reached XP level 26. HP: 248/256 MP: 9/24
 77493 | Zot:3    | Identified the +8 chain mail of Least Resistance {Int+2}
 79022 | Zot:4    | Reached skill level 27 in Fighting
 79095 | Zot:4    | Reached skill level 1 in Spellcasting
 79511 | Zot:5    | Entered Level 5 of the Realm of Zot
 80328 | Zot:5    | Noticed an ancient lich
 80337 | Zot:5    | Noticed a dread lich
 80339 | Zot:5    | Killed an ancient lich
 80340 | Zot:5    | Reached skill level 5 in Spellcasting
 80349 | Zot:5    | Noticed an orb of fire
 80350 | Zot:5    | Killed a dread lich
 80715 | Zot:5    | Killed an orb of fire
 81188 | Zot:5    | Identified the +0 kite shield of the Guilds {rN+++ Regen+
                  | rCorr Slay-4}
 82527 | Zot:5    | Noticed a dread lich
 82528 | Zot:5    | Noticed an orb of fire
 82530 | Zot:5    | Noticed an orb of fire
 82532 | Zot:5    | Reached XP level 27. HP: 226/273 MP: 16/32
 82540 | Zot:5    | Killed a dread lich
 82543 | Zot:5    | Killed an orb of fire
 82545 | Zot:5    | Noticed a dread lich
 82547 | Zot:5    | Killed an orb of fire
 82552 | Zot:5    | Noticed a dread lich
 82558 | Zot:5    | Killed a dread lich
 82586 | Zot:5    | Killed a dread lich
 83540 | Zot:5    | Lost mutation: Your spells are a little easier to cast, but
                  | a little less powerful. [potion of mutation]
 83540 | Zot:5    | Lost mutation: Your body sometimes deteriorates upon taking
                  | damage. [potion of mutation]
 83540 | Zot:5    | Gained mutation: You are dopey. (Int -2) [potion of
                  | mutation]
 83540 | Zot:5    | Lost mutation: You are dopey. (Int -2) [potion of mutation]
 84159 | Slime:1  | Entered Level 1 of the Pits of Slime
 84440 | Slime:1  | Reached skill level 27 in Axes
 87793 | Slime:5  | Entered Level 5 of the Pits of Slime
 87915 | Slime:5  | Noticed the Royal Jelly
 88153 | Slime:5  | Found a viscous altar of Jiyva.
 88186 | Slime:5  | Killed the Royal Jelly
 88392 | Slime:5  | Identified the +2 falchion "Grim" {freeze, rF++}
 88400 | Slime:5  | Identified the +3 morningstar of Yfiheily {flame, Fragile
                  | Str+2 Int+6 Stlth+}
 88406 | Slime:5  | Got the Handbook of Misfortune and Corruption
 88462 | Slime:5  | Got a slimy rune of Zot
 88590 | Slime:5  | Got Sif Muna's Almanac of the Macabre Gang
 88592 | Slime:5  | Identified the staff "Itroex" {rN+ Str+8 Dex-4 SInv Necro}
 88601 | Slime:5  | Identified the +1 leather armour of Refuge {rN+ Dex+3}
 89268 | Slime:4  | Noticed Dissolution
 89283 | Slime:4  | Killed Dissolution
 89926 | Depths:3 | Voluntarily entered the Abyss.
 90083 | Abyss:3  | Found a corrupted altar of Lugonu.
 90189 | Abyss:3  | Found a shimmering blue altar of Sif Muna.
 90571 | Abyss:6  | Found a corrupted altar of Lugonu.
 90713 | Abyss:6  | Paralysed by accursed screaming for 2 turns
 90819 | Abyss:6  | Noticed an ancient lich
 90828 | Abyss:6  | Found a corrupted altar of Lugonu.
 90892 | Abyss:6  | Found a corrupted altar of Lugonu.
 90897 | Abyss:6  | Paralysed by accursed screaming for 1 turns
 91245 | Depths:3 | Escaped the Abyss
 91383 | Depths:3 | Voluntarily entered the Abyss.
 91405 | Abyss:6  | Paralysed by accursed screaming for 2 turns
 91410 | Abyss:6  | Paralysed by accursed screaming for 2 turns
 91422 | Abyss:6  | Got an abyssal rune of Zot
 91426 | Abyss:6  | Paralysed by accursed screaming for 2 turns
 91437 | Abyss:6  | Found a corrupted altar of Lugonu.
 91483 | Abyss:6  | Reached skill level 1 in Stealth
 91488 | Abyss:6  | Paralysed by accursed screaming for 1 turns
 91556 | Abyss:6  | Paralysed by you for 3 turns
 91584 | Abyss:6  | Paralysed by you for 5 turns
 91634 | Abyss:6  | Reached skill level 5 in Stealth
 91647 | Abyss:6  | Found a corrupted altar of Lugonu.
 91651 | Depths:3 | Escaped the Abyss
 91769 | Hell     | Entered the Vestibule of Hell
 91769 | Hell     | Noticed Geryon
 91782 | Hell     | Killed Geryon
 92329 | Hell     | Found a gateway to the freezing wastes of Cocytus.
 92462 | Hell     | Reached skill level 27 in Armour
 92503 | Hell     | Reached skill level 1 in Translocations
 92580 | Hell     | Found a gateway to the decaying netherworld of Tartarus.
 92775 | Hell     | Found a gateway to the ashen valley of Gehenna.
 92871 | Hell     | Found a gateway to the Iron City of Dis.
 93047 | Hell     | Upgraded the game from 0.31-a0-744-gbc345e7fcb to
                  | 0.31-a0-750-gfe7b580527
 93051 | Geh:1    | Entered Level 1 of Gehenna
 93163 | Geh:1    | Reached skill level 5 in Translocations
 93309 | Geh:1    | You are sucked into a shaft and drop 1 floor!
 95269 | Geh:7    | Entered Level 7 of Gehenna
 95401 | Geh:7    | Noticed an ancient lich
 95416 | Geh:7    | Reached skill level 10 in Translocations
 95420 | Geh:7    | Killed an ancient lich
 96034 | Geh:7    | Found the +13 sceptre of Asmodeus
 96034 | Geh:7    | Noticed Asmodeus
 96049 | Geh:7    | Killed Asmodeus
 96123 | Geh:7    | Got an obsidian rune of Zot
 96126 | Geh:7    | Identified the +1 short sword of the Land of Plenty {drain,
                  | Int+3}
 97172 | Pan      | Entered Pandemonium
 97212 | Pan      | Noticed Qidgheha the pandemonium lord
 97232 | Pan      | Killed Qidgheha the pandemonium lord
 97459 | Pan      | Identified the +0 scale mail of Serendipity {rPois Slay+2}
 98383 | Depths:3 | Escaped Pandemonium
 98386 | Depths:3 | Bought a manual of Long Blades for 1520 gold pieces
 98388 | Depths:3 | Bought a scroll of teleportation for 78 gold pieces
 98388 | Depths:3 | Bought a scroll of teleportation for 78 gold pieces
 98388 | Depths:3 | Bought a scroll of summoning for 247 gold pieces
 98388 | Depths:3 | Bought a scroll of teleportation for 78 gold pieces
 98390 | Depths:3 | Bought a potion of magic for 328 gold pieces
 98390 | Depths:3 | Bought a scroll of teleportation for 123 gold pieces
 98390 | Depths:3 | Bought a scroll of teleportation for 123 gold pieces
 98394 | Pan      | Entered Pandemonium
 98506 | Pan      | Reached skill level 1 in Throwing
 98840 | Pan      | Noticed Habeatag the pandemonium lord
 98845 | Pan      | Reached skill level 5 in Throwing
 98847 | Pan      | Killed Habeatag the pandemonium lord
 98898 | Pan      | Got a demonic rune of Zot
 99360 | Pan      | Found an exit through the horrors of the Abyss.
 99395 | Pan      | Noticed Ecyusust the pandemonium lord
 99416 | Pan      | Killed Ecyusust the pandemonium lord
 99866 | Pan      | Reached skill level 10 in Throwing
100682 | Pan      | Reached skill level 1 in Evocations
100714 | Pan      | Found an exit through the horrors of the Abyss.
101025 | Pan      | Noticed Qoaptib the pandemonium lord
101047 | Pan      | Killed Qoaptib the pandemonium lord
101048 | Pan      | Reached skill level 5 in Evocations
101715 | Pan      | Identified the +1 battleaxe of Baho {venom, Fragile rN+
                  | Str+7}
102427 | Pan      | Noticed Ignacio
102431 | Pan      | Killed Ignacio
102571 | Pan      | Noticed Gumej the pandemonium lord
102581 | Pan      | Killed Gumej the pandemonium lord
102696 | Depths:3 | Escaped Pandemonium
102704 | Pan      | Entered Pandemonium
102723 | Pan      | Reached skill level 10 in Evocations
103140 | Pan      | Identified the +1 dagger of Wealth {holy, Fly Stlth+}
103381 | Pan      | Noticed Qojum the pandemonium lord
103385 | Pan      | Killed Qojum the pandemonium lord
103594 | Pan      | Identified the +9 morningstar "Dragonbane" {heavy, MP+9
                  | Str+3}
103938 | Pan      | Noticed Ziunuet the pandemonium lord
103945 | Pan      | Killed Ziunuet the pandemonium lord
104357 | Pan      | Found an exit through the horrors of the Abyss.
104844 | Pan      | Noticed Raej the pandemonium lord
104851 | Pan      | Killed Raej the pandemonium lord
105517 | Depths:3 | Escaped Pandemonium
105522 | Pan      | Entered the realm of Lom Lobon.
105522 | Pan      | Entered Pandemonium
105539 | Pan      | Noticed Lom Lobon
105584 | Pan      | Killed Lom Lobon
105596 | Pan      | Got a magical rune of Zot
107027 | Pan      | Noticed Zeomiwyc the pandemonium lord
107040 | Pan      | Killed Zeomiwyc the pandemonium lord
107671 | Pan      | Found an exit through the horrors of the Abyss.
108114 | Pan      | Entered the realm of Mnoleg.
108144 | Pan      | Noticed Mnoleg
108169 | Pan      | Killed Mnoleg
108169 | Pan      | Paralysed by a floating eye for 2 turns
108175 | Pan      | Paralysed by a floating eye for 3 turns
108181 | Pan      | Paralysed by a floating eye for 4 turns
108491 | Pan      | Noticed Mennas
108501 | Pan      | Killed Mennas
108509 | Pan      | Reached skill level 15 in Throwing
108995 | Pan      | Identified the staff "Faattotti" {rPois MP+9 Poison}
109054 | Pan      | Got a glowing rune of Zot
109341 | Pan      | Identified the +3 short sword "Zesaivyn" {protect, Str+2}
109433 | Depths:3 | Escaped Pandemonium
109439 | Pan      | Entered the realm of Cerebov.
109439 | Pan      | Entered Pandemonium
109528 | Pan      | Identified the ring of Leaves {rC- Will+ rCorr Int+6}
109535 | Pan      | Found the +6 sword of Cerebov {flame}
109535 | Pan      | Noticed Cerebov
109567 | Pan      | Killed Cerebov
109724 | Pan      | Identified the +3 rapier "Eviscerator" {vamp, Str+5 Int-3}
109728 | Pan      | Got Moliaqesk's Papyrus of Hyperborean Poison
109730 | Pan      | Got the Catalogue of Configuration
109735 | Pan      | Got the Collected Works on Igneous Attacks
110695 | Pan      | Got a fiery rune of Zot
110717 | Pan      | Identified the staff of Tortfeasance {rPois Stlth+ Poison}
110718 | Pan      | Identified the +8 arbalest "Piokiaju" {heavy, *Corrode rN+
                  | Str+3 Dex+8}
110725 | Pan      | Identified the ring of the Firefly {rN++ rCorr Int-4}
110743 | Pan      | Identified the +10 quarterstaff of Etouno {heavy, *Corrode
                  | rElec Str+5 SInv}
110746 | Pan      | Identified the +11 sling of the Final Decision {elec, rC+
                  | Str+3 Int+3}
111148 | Pan      | Entered the realm of Gloorx Vloq.
111597 | Pan      | Noticed Gloorx Vloq
111606 | Pan      | Killed Gloorx Vloq
111712 | Pan      | Got a dark rune of Zot
111858 | Pan      | Identified the +1 robe of Impermeability {Dex+5}
112242 | Pan      | Found an exit through the horrors of the Abyss.
113037 | Pan      | Noticed Cefaonye the pandemonium lord
113048 | Pan      | Killed Cefaonye the pandemonium lord
113557 | Pan      | Found an exit through the horrors of the Abyss.
114237 | Depths:3 | Escaped Pandemonium
114356 | Coc:1    | Entered Level 1 of Cocytus
114895 | Coc:3    | Paralysed by a wendigo for 1 turns
115533 | Coc:5    | Paralysed by a wendigo for 1 turns
116252 | Coc:7    | Entered Level 7 of Cocytus
117705 | Coc:7    | Noticed Antaeus
117723 | Coc:7    | Killed Antaeus
117840 | Coc:7    | Got an icy rune of Zot
117885 | Coc:7    | Identified the staff of a ziggurat {rElec Dex+5 Air}
118337 | Tar:1    | Entered Level 1 of Tartarus
119447 | Tar:1    | You fall into a shaft and drop 1 floor!
119455 | Tar:2    | Noticed an ancient lich
119458 | Tar:2    | Noticed a dread lich
119458 | Tar:2    | Noticed an ancient lich
119462 | Tar:2    | Noticed a dread lich
119465 | Tar:2    | Killed an ancient lich
119468 | Tar:2    | Killed a dread lich
119472 | Tar:2    | Killed an ancient lich
119482 | Tar:2    | Killed a dread lich
119764 | Tar:3    | Reached skill level 27 in Throwing
121415 | Tar:7    | Entered Level 7 of Tartarus
121528 | Tar:7    | Learned a level 4 spell: Passage of Golubria
121544 | Tar:7    | Reached skill level 15 in Translocations
122279 | Tar:7    | Identified the ring "Anodd" {Ice rN++ Str-5 Int+3 Dex+2}
122583 | Tar:7    | Reached skill level 10 in Stealth
122787 | Tar:7    | Learned a level 3 spell: Gell's Gravitas
122791 | Tar:7    | Learned a level 2 spell: Blink
123622 | Tar:7    | Noticed Ereshkigal
123636 | Tar:7    | Killed Ereshkigal
123720 | Tar:7    | Found the +2 hood of the Assassin {Detect Stab+ Stlth++}
123721 | Tar:7    | Identified the ring of Rymn {rCorr EV+5 Str+5}
123726 | Tar:7    | Identified the staff of the Painted God {Int+4 Conj}
123732 | Tar:7    | Got a bone rune of Zot
123735 | Tar:7    | Got the Reference Book on Intoxication and Hail
124356 | Dis:1    | Entered Level 1 of the Iron City of Dis
126102 | Dis:7    | Entered Level 7 of the Iron City of Dis
126232 | Dis:7    | Reached skill level 15 in Stealth
126900 | Dis:7    | Got the Atlas of Shapes and Attendants
127139 | Dis:7    | Noticed a juggernaut
127141 | Dis:7    | Noticed the Serpent of Hell
127144 | Dis:7    | Killed a juggernaut
127152 | Dis:7    | Your ally Serpent of Hell died
127156 | Dis:7    | Noticed a juggernaut
127157 | Dis:7    | Killed a juggernaut
127198 | Dis:7    | Noticed a juggernaut
127211 | Dis:7    | Killed a juggernaut
127512 | Dis:7    | Noticed Dispater
127529 | Dis:7    | Killed Dispater
127613 | Dis:7    | Got an iron rune of Zot
127976 | Dis:7    | Found the amulet of the Four Winds {rN+ Will+++ Clar}
127984 | Dis:7    | Identified the staff "Eqag" {rN+ Str+2 Int-3 SInv Necro}
128050 | Dis:7    | Identified the +5 robe "Jeiq" {Str+2 Archmagi}
128613 | Crypt:1  | Entered Level 1 of the Crypt
128682 | Crypt:1  | Noticed Bai Suzhen
128689 | Crypt:1  | Killed Bai Suzhen
129194 | Crypt:1  | Noticed Margery
129199 | Crypt:1  | Killed Margery
129212 | Crypt:1  | Found a basalt altar of Yredelemnul.
130118 | Crypt:2  | Identified the staff of the Nine Seas {rElec rPois Int+3
                  | Air}
130122 | Crypt:2  | Identified the staff "Vuadoula" {rC+ Will- Dex+6 Ice}
130123 | Crypt:2  | Identified the +3 dire flail of Toleufae {protect, *Slow
                  | Will++ Int+2}
130621 | Crypt:1  | Found an ancient bone altar of Kikubaaqudgha.
130663 | Crypt:3  | Entered Level 3 of the Crypt
130976 | Crypt:3  | Found an ancient bone altar of Kikubaaqudgha.
131590 | Crypt:3  | Found a staircase to the Tomb.
131591 | Crypt:3  | Noticed Khufu
131597 | Crypt:3  | Killed Khufu
131822 | Crypt:3  | Identified the +0 chain mail of Cexitho {Will+}
132197 | Tomb:1   | Entered Level 1 of the Tomb of the Ancients
132360 | Tomb:1   | Identified the +0 ring mail "Koesaij" {-Cast rElec Slay+4}
132537 | Tomb:1   | Noticed a royal mummy
132539 | Tomb:1   | Noticed a royal mummy
132542 | Tomb:1   | Noticed a royal mummy
132545 | Tomb:1   | Killed a royal mummy
132829 | Tomb:1   | Killed a royal mummy
132895 | Tomb:1   | Identified the +1 sling "Onkuba" {flame, rF+}
133081 | Tomb:2   | Noticed a royal mummy
133082 | Tomb:2   | Noticed a royal mummy
133083 | Tomb:2   | Noticed a royal mummy
133084 | Tomb:2   | Noticed a royal mummy
133090 | Tomb:2   | Killed a royal mummy
133091 | Tomb:2   | Reached skill level 10 in Maces & Flails
133091 | Tomb:2   | Killed a royal mummy
133092 | Tomb:2   | Killed a royal mummy
133097 | Tomb:2   | Noticed a royal mummy
133100 | Tomb:2   | Killed a royal mummy
133166 | Tomb:2   | Killed a royal mummy
133321 | Tomb:2   | Found the ring of the Tortoise {AC+8}
133834 | Tomb:1   | Noticed a royal mummy
133902 | Tomb:1   | Noticed a royal mummy
133902 | Tomb:1   | Noticed a royal mummy
133908 | Tomb:1   | Killed a royal mummy
133915 | Tomb:1   | Noticed a royal mummy
133923 | Tomb:1   | Noticed a royal mummy
133934 | Tomb:1   | Noticed a royal mummy
133941 | Tomb:1   | Killed a royal mummy
133948 | Tomb:1   | Noticed a royal mummy
133960 | Tomb:1   | Noticed a royal mummy
133982 | Tomb:1   | Noticed a royal mummy
133988 | Tomb:1   | Killed a royal mummy
134090 | Tomb:1   | Noticed a royal mummy
134611 | Tomb:3   | Entered Level 3 of the Tomb of the Ancients
134619 | Tomb:3   | Noticed a royal mummy
134621 | Tomb:3   | Noticed a royal mummy
134627 | Tomb:3   | Noticed a royal mummy
134627 | Tomb:3   | Noticed a royal mummy
134633 | Tomb:3   | Noticed a royal mummy
134634 | Tomb:3   | Killed a royal mummy
134635 | Tomb:3   | Noticed a royal mummy
134639 | Tomb:3   | Noticed a royal mummy
134641 | Tomb:3   | Killed a royal mummy
134641 | Tomb:3   | Killed a royal mummy
134643 | Tomb:3   | Killed a royal mummy
134658 | Tomb:3   | Noticed a royal mummy
134660 | Tomb:3   | Killed a royal mummy
134661 | Tomb:3   | Noticed a royal mummy
134662 | Tomb:3   | Killed a royal mummy
134825 | Tomb:3   | Found the +8 demon trident "Rift" {distort, reach+}
135075 | Tomb:3   | Found the +6 lightning scales {swift, rElec}
135104 | Tomb:3   | Identified the +6 arbalest "Suasm" {speed, +Blink rPois
                  | Int+3}
135124 | Tomb:3   | Identified the ring "Sohyh" {Wiz Fly rPois Int+4 Slay-5}
135125 | Tomb:3   | Identified the staff "Impslayer" {rC+ Will+ Ice}
135126 | Tomb:3   | Identified the +2 scimitar "Vano" {drain, rElec Int+5}
135144 | Tomb:3   | Identified the staff of the Philosopher {Fly rF++ rN+ rCorr
                  | Stlth- Necro}
135164 | Tomb:3   | Identified the +0 war axe "Hydraslayer" {freeze, rC++
                  | Str+3}
135239 | Tomb:3   | Got a golden rune of Zot
136138 | Zot:5    | Got the Orb of Zot
136387 | Depths:4 | Noticed Enkataag the pandemonium lord
136387 | Depths:4 | Noticed an ancient lich
136652 | D:8      | Noticed Arammat the pandemonium lord
136792 | D:2      | Noticed Poeskeli the pandemonium lord
136854 | D:$      | Escaped with the Orb!

Illustrated notes

Levels and vault maps discovered:
D:1:      wander_arrival_chamber, layout_basic,
          ebering_ecumenical_altar_abandoned, serial_shops,
          nicolae_shop_advertising_works [nicolae_subvault_shop_adworks],
          minivault_23
D:2:      cheibrodos_old_hovel, layout_rooms, uniq_crazy_yiuf_cottage,
          uniq_robin, uniq_terence
D:3:      layout_loops_cross, mainiacjoe_overflow_surrounded_room,
          gammafunk_ghost_arena, uniq_jessica
D:4:      layout_rooms, ldierk_geyser, grunt_decor_fettered, uniq_pikel
D:5:      layout_loops_ring, mainiacjoe_overflow_boulevard, temple_statues,
          lightli_sewer_entry_pipes, roderic_serpentine_path, uniq_eustachio,
          uniq_sigmund
D:6:      layout_loops_ring, nicolae_kite_square_tiling_tiny
D:7:      layout_basic, grunt_qazlal_clouds, fedhas_altar_1
D:8:      cheibrodos_helix_gallery, layout_layer_cave, okawaru_metal_pillars_3,
          david_lair_shrubbed
D:9:      layout_roguey, hex_large, chequers_serial_rivers_micro_a
D:10:     layout_loops_ring, minmay_overflow_temple_star_hex, david_orc_4,
          serial_shops, shop
D:11:     hellmonk_destroyed_diamonds, layout_long_grid, minmay_three_doors
D:12:     layout_cave_pools, serial_shops, shop, uniq_frances
D:13:     layout_roguey, serial_shops, nicolae_shop_tiny_real_fake_doors,
          chequers_serial_rivers_micro_e
D:14:     layout_cave_pools, grunt_vaults_entry_tiered, serial_column_ruins,
          column_ruins_hut, column_ruins_grid_1, column_ruins_open_small,
          column_ruins_open_tiny, column_ruins_open_tiny,
          column_ruins_columns_corner, gauntlet_entry_generic,
          nemelex_spade_bored_becter
D:15:     hangedman_depths_entry_try_elsewhere_first, layout_basic,
          onia_ninara_cookie
Temple:   hellmonk_temple_forest_ring
Lair:1:   layout_cave_pods
Lair:2:   layout_cave_pods, nicolae_lair_grazing_beasts
          [nicolae_sub_lair_graze_edge, nicolae_sub_lair_graze_edge,
          nicolae_sub_lair_graze_edge, nicolae_sub_lair_graze_edge],
          grunt_megastairs_3
Lair:3:   layout_concentric_octagons, minmay_shoals_entry_beasts,
          guppyfry_snake_entry_island, infiniplex_staircase_pool_2, uniq_fannar
Lair:4:   layout_cave_pods, dpeg_slime_entry_enclosed, kennysheep_rathole
Lair:5:   hangedman_lair_caniforms_friends, layout_cave_pods, wormcave,
          lemuel_fruit_tree, serial_bayou_shore_b, lemuel_fruit_fields
Shoals:1: layout_shoals
Shoals:2: layout_shoals, regret_index_shoals_crete, uniq_ilsuiw
Shoals:3: layout_shoals
Shoals:4: shoals_end_grunt_garden, layout_shoals, lemuel_oklob_altar,
          uniq_polyphemus, uniq_kirke
Snake:1:  layout_onion, basic_altar, nicolae_snake_springs, uniq_rupert
Snake:2:  layout_layer_cave
Snake:3:  layout_onion_interference, ebering_ghost_disaster_area,
          nicolae_snake_herptile_family_reunion
Snake:4:  minmay_snake_end_coiled, layout_grid_maze,
          nicolae_snake_gridmaze_tees, st_stairs_13
Slime:1:  layout_caves
Slime:2:  layout_caves, cheibrodos_slime_lost_civilization_5
Slime:3:  layout_caves
Slime:4:  layout_caves, uniq_dissolution
Slime:5:  slime_pit_nicolae_trefoil
Orc:1:    hellmonk_paralyzer, layout_caves, lightli_church_of_beogh
Orc:2:    st_orc_pillars, layout_caves
Elf:1:    eino_elf_arrival_the_gate, layout_loops_cross, serial_shops, shop,
          minmay_elf_sorcery
Elf:2:    elven_hall_of_blades_hangedman_alternative
          [nicolae_blade_little_rooms], layout_geoelf_diagonals, serial_shops,
          shop, amcnicky_mini_corridor_feature, uniq_asterion
Elf:3:    minmay_elf_hall_quartered_circle, layout_loops_cross,
          mu_enter_wizlab_7, minmay_shop_grove
Vaults:1: nicolae_vaults_tetromino_T_2, nicolae_vaults_ellipses_ellipsis,
          v_pattern_5, nicolae_vaults_circle_grid_b, hangedman_vaults_snaps,
          nicolae_vaults_network_barrier,
          nicolae_vaults_windows_and_doors_thing, nicolae_vaults_theta,
          nicolae_vaults_sealed_display,
          nicolae_vaults_antechamber_and_loot_room, nicolae_vaults_diamond_2,
          nicolae_vaults_little_squares_6, layout_vaults_maze_snakey,
          uniq_norris, uniq_aizul, uniq_saint_roka
Vaults:2: ontoclasm_vaults_hangar, v_misc_32, vaults_dpeg_cross, v_misc_10,
          nicolae_vaults_trapezoid_4, minmay_crypt_entry_skeletal_spiral,
          vaults_dpeg_encased_lava, layout_vaults_omnigrid
Vaults:3: ontoclasm_vaults_hangar, nicolae_vaults_tangram_2,
          vaults_mumra_minichess_inversion, vaults_room_hallway,
          vaults_dpeg_hooks, nicolae_vaults_shipping_containers_4, serial_ice_g,
          nicolae_vaults_tetromino_Z_2, vaults_room_grunt_arrival_ludios,
          layout_vaults_chaotic_city
Vaults:4: nicolae_vaults_trapezoid_lopsided_2, st_squares,
          nicolae_vaults_tetromino_Z_2, nicolae_vaults_closet_pinwheel_2,
          v_misc_18, nicolae_vaults_circle_grid_b,
          nicolae_vaults_cornered_office, hangedman_vaults_stagger,
          nicolae_vaults_doubleplus_tesselated, v_pattern_1,
          nicolae_vaults_storage_room_glass, nicolae_vaults_little_squares_3,
          vaults_dpeg_diagonal, layout_vaults_omnibox
Vaults:5
Crypt:1:  layout_gridlike, basic_altar, grunt_crypt_arrival_split,
          lemuel_upstairs_altar, grunt_megastairs_4, uniq_margery,
          uniq_bai_suzhen
Crypt:2:  layout_misc_corridors, st_shrine_of_skulls
Crypt:3:  grunt_crypt_end_deaths_head
Tomb:1
Tomb:2
Tomb:3:   uniq_khufu
Depths:1: minmay_open_boxes_in_corner, layout_cave_pools, serial_bayou,
          serial_bayou_pond_c, serial_bayou_ford_a, serial_bayou_pond_d,
          serial_bayou_shore_a, grunt_mini_vestibule, rand_demon_pan_entry_9,
          minmay_stone_trees_small, minmay_swirly_circle, uniq_sojobo
Depths:2: grunt_twisty_corner, layout_long_grid, pf_coc_iceberg,
          rand_demon_pan_entry_4, tso_altar, minmay_protected_statue,
          minmay_shoptagon, infiniplex_staircase_zigzag_3, uniq_josephina
Depths:3: minmay_the_grid_octo_tiled_squarecenter
          [minmay_the_grid_octo_concentric, minmay_the_grid_octo_chip,
          minmay_the_grid_octo_odd_swirl, minmay_the_grid_octo_teeth,
          minmay_the_grid_square_5x5_megaprize_open,
          minmay_the_grid_square_5x5_mess, minmay_the_grid_square_5x5_inner_v,
          minmay_the_grid_square_5x5_minimal,
          minmay_the_grid_square_5x5_tetrominoes], layout_gridville,
          enter_ziggurat_a, abyss_entry, pan_entry, hell_entry,
          hellmonk_scarab_ruin, minmay_staircase_windowed_large, uniq_grunn
Depths:4: grunt_zot_entry_pinwheel, layout_honeycomb, hellmouth_3,
          nicolae_uskayaw_suspiria, uniq_jory
Hell
Dis:1:    layout_jigsaw, nicolae_dis_grated_feature
Dis:2:    layout_subdivisions, serial_glass, glass_columns_b, glass_columns_a
Dis:3:    layout_overlapping_boxes, nicolae_dis_metal_dragon_surprise
Dis:4:    layout_overlapping_boxes, nicolae_dis_big_boring_drill
Dis:5:    layout_gridville
Dis:6:    layout_regular_city
Dis:7:    dis_grunt_layers
Geh:1:    layout_gehenna_lava_caves
Geh:2:    layout_gehenna_pools_basic
Geh:3:    layout_gehenna_pools_basic
Geh:4:    layout_gehenna_pools_box
Geh:5:    layout_gehenna_lava_caves
Geh:6:    layout_gehenna_pools_basic
Geh:7:    geh_grunt_pentagon
Coc:1:    layout_cocytus_water_paths
Coc:2:    layout_cocytus_water_paths
Coc:3:    layout_cocytus_delve
Coc:4:    layout_ice_bergs
Coc:5:    nicolae_coc_cocytus_crossing, layout_cocytus_water_paths
Coc:6:    layout_cocytus_water_paths
Coc:7:    coc_old
Tar:1:    layout_grid_maze
Tar:2:    layout_grid_maze, nicolae_tar_liches_on_tour
Tar:3:    layout_catacombs
Tar:4:    nicolae_tar_entranced, layout_cathedral_of_symmetry
Tar:5:    layout_cathedral_of_symmetry
Tar:6:    layout_honeycomb, nicolae_tar_stay_or_leave
Tar:7:    tar_minmay_river
Zot:1:    layout_gridlike
Zot:2:    layout_onion_interference
Zot:3:    lemuel_halls_of_wrath, layout_twisted_circle
Zot:4:    layout_concentric_octagons, grunt_megastairs_5
Zot:5:    layout_twisted_circle, nicolae_zot_crop_circle

Skill      XL: |  1  2  3  4  5  6  7  8  9 10 11 12 13 14 15 16 17 18 19 20 21 22 23 24 25 26 27 |
---------------+----------------------------------------------------------------------------------+-----
Axes           | 3 4 5 6 7 10 11 15 16 17 19 23 25 27 | 27.0
Fighting       | 5 11 12 15 20 22 24 27 | 27.0
Armour         | 5 10 12 15 20 27 | 27.0
Dodging        | 2 5 7 8 12 13 18 20 24 | 24.4
Shields        | 5 10 12 14 | 14.1
Maces & Flails | 3 6 13 | 13.5
Shapeshifting  | 1 8 13 16 19 21 23 24 | 24.2
Spellcasting   | 5 8 |  8.0
Stealth        | 18 | 18.1
Translocations | 20 | 20.0
Throwing       | 27 | 27.0
Evocations     | 13 | 13.6

Action                     |  1- 3 |  4- 6 |  7- 9 | 10-12 | 13-15 | 16-18 | 19-21 | 22-24 | 25-27 || total
---------------------------+-------+-------+-------+-------+-------+-------+-------+-------+-------++-------
  Melee: War axe           |    82 |   147 |     8 |    36 |       |       |       |       |       ||   273
         Headbutt          |    13 |    25 |    55 |   242 |   461 |   281 |   351 |   348 |  1405 ||  3181
         Whip              |       |       |   338 |   817 |   811 |    35 |       |       |       ||  2001
         Broad axe         |       |       |       |    38 |   833 |   646 |       |       |       ||  1517
         Executioner's axe |       |       |       |       |       |   396 |  1138 |  1369 |  5714 ||  8617
         Demon whip        |       |       |       |       |       |       |       |       |    71 ||    71
         Punch             |       |       |       |       |       |       |       |       |     2 ||     2
  Throw: Dart              |       |       |       |     8 |       |       |       |       |       ||     8
         Javelin           |       |       |       |       |       |       |     5 |       |    13 ||    18
         Throwing net      |       |       |       |       |       |       |       |       |     1 ||     1
   Cast: Manifold Assault  |       |       |       |       |       |       |       |       |    75 ||    75
         Passage of Golubr |       |       |       |       |       |       |       |       |     1 ||     1
 Invoke: Call Merchant     |       |       |       |       |     1 |     2 |     2 |     2 |     3 ||    10
         Potion Petition   |       |       |       |       |       |       |       |     1 |    24 ||    25
         Bribe Branch      |       |       |       |       |       |       |       |       |     8 ||     8
  Evoke: Wand              |       |       |       |     1 |       |       |     1 |       |       ||     2
         Box of beasts     |       |       |       |       |       |       |       |     1 |       ||     1
    Use: Scroll            |       |     4 |     7 |    11 |    12 |    13 |     6 |     9 |    36 ||    98
         Potion            |       |       |       |     1 |     4 |     4 |     3 |     5 |     8 ||    25
   Stab: Distracted        |       |       |       |     4 |    16 |    21 |     7 |    15 |   101 ||   164
         Invisible         |       |       |       |       |       |     1 |       |     3 |     4 ||     8
         Sleeping          |       |       |       |       |       |       |       |       |    23 ||    23
         Petrified         |       |       |       |       |       |       |       |       |     4 ||     4
         Petrifying        |       |       |       |       |       |       |       |       |     1 ||     1
 Armour: Scale mail        |    55 |    86 |   178 |   309 |       |       |       |       |       ||   628
         Pearl dragon scal |       |       |       |   100 |   841 |   581 |   974 |  1038 |  4222 ||  7756
  Dodge: Dodged            |    32 |    54 |   125 |   262 |   701 |   954 |  1077 |   897 |  3370 ||  7472
  Block: Buckler           |    20 |    24 |    56 |   165 |   371 |   299 |       |       |       ||   935
         Other             |       |       |       |       |       |       |       |       |   188 ||   188
         Tower shield      |       |       |       |       |       |       |       |       |    18 ||    18
         Reflection        |       |       |       |       |       |       |       |       |     3 ||     3
   Form: Death             |       |       |       |       |       |       |       |       |     4 ||     4
                           |       |       |       |       |       |       |       |       |     3 ||     3

Table legend: (Time is in decaauts)
 A = Elapsed time spent in this place.
 B = Non-inter-level travel time spent in this place.
 C = Inter-level travel time spent in this place.
 D = Time resting spent in this place.
 E = Time spent auto-exploring this place.
 F = Levels seen in this place.
 G = Mean time per level.
                   A        B        C        D        E       F      G
               +--------+--------+--------+--------+--------+-----+--------+
         Total | 135062 | 123451 |  11611 |   4513 |  95102 | 114 | 1184.8 |
       Dungeon |  20279 |  16310 |   3969 |    472 |  13038 |  15 | 1351.9 |
        Temple |     30 |      2 |     28 |      0 |      0 |   1 |   30.0 |
          Lair |  10345 |   9665 |    680 |    471 |   7581 |   5 | 2069.0 |
        Shoals |   5734 |   5491 |    243 |    601 |   3857 |   4 | 1433.5 |
     Snake Pit |   6730 |   6439 |    291 |      2 |   5580 |   4 | 1682.5 |
    Slime Pits |   5397 |   5072 |    325 |     48 |   4367 |   5 | 1079.4 |
  Orcish Mines |   2969 |   2789 |    180 |    359 |   1754 |   2 | 1484.5 |
   Elven Halls |   4503 |   4212 |    291 |    123 |   3306 |   3 | 1501.0 |
        Vaults |   8582 |   7660 |    922 |    227 |   5842 |   5 | 1716.4 |
         Crypt |   3731 |   3363 |    368 |      0 |   2754 |   3 | 1243.7 |
          Tomb |   3322 |   2984 |    338 |    423 |   1985 |   3 | 1107.3 |
        Depths |  13076 |  11006 |   2070 |    774 |   8285 |   4 | 3269.0 |
          Hell |   1533 |   1122 |    411 |      0 |    847 |   1 | 1533.0 |
           Dis |   3885 |   3633 |    252 |     58 |   2831 |   7 |  555.0 |
       Gehenna |   3852 |   3718 |    134 |     73 |   2967 |   7 |  550.3 |
       Cocytus |   3831 |   3621 |    210 |      0 |   2885 |   7 |  547.3 |
      Tartarus |   4919 |   4760 |    159 |    100 |   3829 |   7 |  702.7 |
           Zot |  12376 |  11644 |    732 |    510 |   9357 |   5 | 2475.2 |
         Abyss |   1540 |   1540 |      0 |    156 |    244 |   7 |  220.0 |
   Pandemonium |  16940 |  16940 |      0 |    114 |  12746 |  16 | 1058.8 |
         Sewer |    289 |    289 |      0 |      0 |    152 |   1 |  289.0 |
        Wizlab |    823 |    823 |      0 |      0 |    605 |   1 |  823.0 |
      Gauntlet |    367 |    367 |      0 |      0 |    284 |   1 |  367.0 |
               +--------+--------+--------+--------+--------+-----+--------+

Top non-repeatable levels by time:
   Zot:5: 4335 daAuts
Depths:2: 3899 daAuts
  Lair:5: 3778 daAuts
Depths:3: 3775 daAuts
   Tar:7: 2852 daAuts
Depths:1: 2753 daAuts
Depths:4: 2647 daAuts
    D:15: 2629 daAuts
   Zot:1: 2525 daAuts
  Lair:1: 2508 daAuts
Vaults:5: 2501 daAuts
 Snake:3: 2418 daAuts
     D:8: 2305 daAuts
   Dis:7: 2200 daAuts
   Zot:2: 2071 daAuts
